 Dungeon Crawl Stone Soup version 0.28-a0-983-g1de4e0787c (webtiles) character file.

Game seed: 10356651749954473417

97 Decritt the Skirmisher (level 4, -9/29 HPs)
             Began as a Gargoyle Fighter on Dec 3, 2021.
             Killed from afar by Ijyb (10 damage)
             ... with an iceblast
             ... on level 3 of the Dungeon.
             The game lasted 00:02:45 (2325 turns).

Decritt the Skirmisher (Gargoyle Fighter)           Turns: 2325, Time: 00:02:46

Health: -9/29      AC: 10    Str: 22    XL:     4   Next: 68%
Magic:  4/4        EV:  9    Int:  8    God:
Gold:   92         SH:  4    Dex:  9    Spells: 3/3 levels left

rFire   . . .      SeeInvis .   f - +0 hand axe (flame)
rCold   . . .      Faith    .   c - +0 buckler
rNeg    + . .      Spirit   .   b - +0 scale mail
rPois   ∞          Reflect  .   (no helmet)
rElec   +          Harm     .   (no cloak)
rCorr   .          Rampage  .   (no gloves)
Will    +....                   (no boots)
Stlth   ..........              (no amulet)
HPRegen 0.09/turn               e - ring of willpower
MPRegen 0.09/turn               (no ring)

@: no status effects
A: sickness immunity, AC +3, negative energy resistance 1, electricity
resistance, torment resistance 1, petrification resistance
a: no special abilities


You were on level 3 of the Dungeon.
You visited 1 branch of the dungeon, and saw 3 of its levels.

You collected 92 gold pieces.

Inventory:

Hand Weapons
 a - a +0 flail
 f - a +0 hand axe of flaming (weapon)
Missiles
 l - 7 poisoned darts (quivered)
Armour
 b - a +0 scale mail (worn)
 c - a +0 buckler (worn)
Jewellery
 e - a ring of willpower (left hand)
Scrolls
 g - a scroll of summoning {unknown}
 h - 5 scrolls of identify {unknown}
 i - a scroll of immolation {unknown}
 j - a scroll of enchant weapon {unknown}
 m - a scroll of magic mapping {unknown}
 o - a scroll of teleportation {unknown}
Potions
 d - a potion of might
 k - a potion of attraction {unknown}
 n - a potion of heal wounds {unknown}


   Skills:
 * Level 4.2 Fighting
 * Level 3.1 Maces & Flails
 + Level 3.7 Armour
 + Level 3.8 Shields


You had 3 spell levels left.
You didn't know any spells.
Your spell library was empty.

Dungeon Overview and Level Annotations

Branches:
Dungeon (3/15)

Altars:

Annotations:
D:3 Ijyb


Innate Abilities, Weirdness & Mutations

You are immune to sickness and miasma.
Your stone body is resilient. (AC +3)
You are immune to poison.
You resist negative energy. (rN+)
You are resistant to electric shocks. (rElec)
You are resistant to unholy torment.
You are immune to petrification.


Message History

A ball python comes into view.
You throw a poisoned dart.
The poisoned dart completely misses the ball python.
You barely miss the ball python. The ball python closely misses you.
The ball python grabs you. The ball python constricts you.
The ball python barely misses you. The ball python constricts you.
You closely miss the ball python.
The ball python bites you but does no damage.
The ball python constricts you.
You hit the ball python. You burn the ball python.
You kill the ball python!
No target in view!
No target in view!
You see here a ball python corpse.
l - 10 poisoned darts (gained 1) Ijyb the Twisted Goblin comes into view.
She is wielding a +0 dagger and carrying a wand of iceblast (10).
You throw a poisoned dart. The poisoned dart hits Ijyb.
No target in view!
No target in view!
No target in view!
A goblin comes into view. It is wielding a +0 club.
The goblin shouts!
An adder comes into view.
The goblin unwields a +0 club.
The goblin wields a +0 hunting sling.
The goblin shoots a stone.
The stone hits you but does no damage.
You throw a poisoned dart. The poisoned dart barely misses Ijyb.
Ijyb zaps a wand.
The mass of ice explodes!
The iceblast engulfs you.
The goblin shoots a stone.
The stone closely misses you.
You hear a shout!
You throw a poisoned dart. The poisoned dart closely misses Ijyb.
Ijyb zaps a wand.
The mass of ice explodes!
The iceblast engulfs you!!
Ouch! That really hurt!
* * * LOW HITPOINT WARNING * * *
The goblin shoots a stone.
The stone barely misses you.
A goblin opens the door.
Ijyb zaps a wand.
The mass of ice explodes!
The iceblast engulfs you!
* * * LOW HITPOINT WARNING * * *
An ogre comes into view. It is wielding a +0 giant club.
Ijyb zaps a wand.
The mass of ice explodes!
The iceblast engulfs you!
You die...

....... #.#..........#......#.
.......###...........##........
.....................++........
.......#......[..............#.
.......'.g...................#.
.......###gS..............####.
....... #...........##........
.....g. +..............#......
....... #....@......##.#......
###.......#####......##.#.#####
.... #.........#+##### .....
#................ ########+###
#................ .......
#.........(...... ......#
#...........<.... ......#
#............)...
#################..).............


You could see Ijyb, an adder and a goblin.

Vanquished Creatures
  4 adders
  6 bats
  6 endoplasms
  6 giant cockroaches
  3 goblins
  7 hobgoblins
  5 jackals
  3 quokkas (D:1)
  5 ball pythons
  5 frilled lizards
  A kobold (D:3)
  3 rats
54 creatures vanquished.

Notes
Turn   | Place    | Note
-------+----------+-------------------------------------------
     0 | D:1      | Decritt the Gargoyle Fighter began the quest for the Orb.
     0 | D:1      | Reached XP level 1. HP: 14/14 MP: 1/1
    82 | D:1      | Reached XP level 2. HP: 18/19 MP: 2/2
   420 | D:1      | Reached XP level 3. HP: 24/24 MP: 3/3
   431 | D:1      | Found a faded altar of an unknown god.
  1030 | D:2      | Reached skill level 4 in Fighting
  1030 | D:2      | Reached XP level 4. HP: 29/29 MP: 4/4
  2314 | D:3      | Noticed Ijyb
  2322 | D:3      | HP: 1/29 [Ijyb/iceblast (7)]
  2323 | D:3      | Noticed an ogre
  2325 | D:3      | Killed from afar by Ijyb

Illustrated notes

Levels and vault maps discovered:
D:1:      lemuel_arrival_funnel, layout_basic, ebering_ecumenical_altar_rust
D:2:      layout_basic
D:3:      layout_basic, uniq_ijyb

Skill      XL: |  1  2  3  4 |
---------------+-------------+-----
Fighting       | 4 |  4.2
Maces & Flails | 3 |  3.1
Armour         | |  3.7
Shields        | |  3.8

Action                   |  1- 3 |  4- 6 || total
-------------------------+-------+-------++-------
Melee: Flail             |    11 |       ||    11
       Hand axe          |    70 |    51 ||   121
Throw: Dart              |    19 |    51 ||    70
Armor: Scale mail        |    34 |    24 ||    58
Dodge: Dodged            |    45 |    24 ||    69
Block: Buckler           |    14 |    10 ||    24

Table legend: (Time is in decaauts)
 A = Elapsed time spent in this place.
 B = Non-inter-level travel time spent in this place.
 C = Inter-level travel time spent in this place.
 D = Time resting spent in this place.
 E = Time spent auto-exploring this place.
 F = Levels seen in this place.
 G = Mean time per level.
                   A        B        C        D        E       F      G
               +--------+--------+--------+--------+--------+-----+--------+
         Total |   2357 |   2301 |     56 |    196 |   1727 |   3 |  785.7 |
       Dungeon |   2357 |   2301 |     56 |    196 |   1727 |   3 |  785.7 |
               +--------+--------+--------+--------+--------+-----+--------+

Top non-repeatable levels by time:
     D:2: 952 daAuts
     D:3: 756 daAuts
     D:1: 648 daAuts
